 Dungeon Crawl Stone Soup version 0.32-a0-411-g744942f433 (webtiles) character file.

Game seed: 6067261276895770822

347 jasper the Poker (level 6, -5/47 HPs)
             Began as a Coglin Chaos Knight on Feb 20, 2024.
             Killed from afar by Dowan (24 damage)
             ... with a shard of ice
             ... on level 4 of the Dungeon.
             The game lasted 00:06:10 (2044 turns).

jasper the Poker (Coglin Chaos Knight)              Turns: 2044, Time: 00:06:11

Health: -5/47      AC:  5    Str: 12      XL:     6   Next: 59%
Magic:  6/6        EV: 11    Int: 14      God:
Gold:   168        SH:  5    Dex: 12 (13) Spells: 5/5 levels left

rFire   . . .        a - +0 spear (chaos) {Leofsige}
rCold   . . .        j - +1 trident {Agathocles}
rNeg    + . .        b - +2 leather armour
rPois   .            (no helmet)
rElec   .            (no cloak)
rCorr   .            (no gloves)
SInv    .            (no boots)
Will    .....        m - amulet of reflection
Stlth   +            k - ring of positive energy
HPRegen 0.27/turn    (no ring)
MPRegen 0.10/turn

%: reflection
@: immotile, revved
A: off-hand wielding, slow wielding, warmup strikes, legs shutdown, screaming 1
a: no special abilities


You were on level 4 of the Dungeon.
You visited 1 branch of the dungeon, and saw 4 of its levels.

You collected 168 gold pieces.

Inventory:

Hand Weapons
 a - a +0 spear of chaos (weapon) {Leofsige}
 e - a +0 whip {Bianca}
 g - a +0 hand axe {Belshunu}
 j - a +1 trident (offhand) {Agathocles}
Missiles
 o - 3 poisoned darts
 p - 12 stones (quivered)
Armour
 b - a +2 leather armour (worn)
 n - a +0 scale mail
Jewellery
 f - a ring of fire
 k - a ring of positive energy (left grasper)
 m - an amulet of reflection (around neck)
Scrolls
 c - a scroll of butterflies
 h - a scroll of amnesia
Potions
 d - a potion of mutation
 i - a potion of heal wounds
 l - 2 potions of attraction {unknown}


   Skills:
 - Level 3.0 Fighting
 + Level 6.5 Polearms
 - Level 1.7 Armour
 - Level 0.8 Dodging


You had 5 spell levels left.
You didn't know any spells.
Your spell library contained the following spells:

 Spells                   Type           Power      Damage    Failure   Level
 Summon Ice Beast         Ice/Summ       0%         N/A       73%         3
 Leda's Liquefaction      Alch/Erth      0%         N/A       98%         4
 Lee's Rapid Deconstruct  Erth           0%         3d4*      100%        5
 Summon Mana Viper        Hex/Summ       0%         N/A       100%        5
 Bombard                  Conj/Erth      0%         9d1       100%        6
 Monstrous Menagerie      Summ           0%         N/A       100%        7


Dungeon Overview and Level Annotations

Branches:
Dungeon (4/15)
 Temple: D:4-7

Altars:
Gozag
Vehumet

Shops:
D:3 (

Annotations:
D:3 exclusion: statue
D:4 Dowan


Innate Abilities, Weirdness & Mutations

You can wield a second weapon in your off-hand.
It takes a long time for you to wield or remove held weapons.
Your first few attacks do less damage.
Attacking and casting redirects power from your legs.
You occasionally shout uncontrollably at your foes.


Message History

Duvessa is poisoned.
Duvessa is lightly wounded.
You barely miss Duvessa with your +1 trident.
You block Duvessa's attack.
You puncture Duvessa with your +1 trident!
Duvessa is moderately wounded.
You hit Duvessa but do no damage.
Duvessa looks even sicker.
You block Duvessa's attack.
You hit Duvessa with your +0 spear of chaos.
Duvessa becomes as fragile as glass!
Duvessa is heavily wounded.
You puncture Duvessa with your +1 trident!
Dowan mumbles some strange words.
Dowan blinks!
You hit Duvessa but do no damage.
Duvessa is severely wounded.
You hit Duvessa with your +1 trident. Duvessa hits you with a +0 rapier!
You take 7 damage, and have 18/47 hp.
You completely miss Duvessa with your +0 spear of chaos.
Duvessa is almost dead.
You hit Duvessa with your +1 trident.
You kill Duvessa!
You hear a distant wail of despair.
You feel your dexterity returning.
You start resting.
You are no longer unable to travel.
You start resting.
Dowan is nearby!
Reach: a) +0 spear (chaos) {Leofsige}
Press: ? - help, Dir - move target, f - Dowan
Aim: Dowan, wielding a +0 dagger and wearing a +0 robe (heavily wounded, unusually resistant, about 46% to evade your +0 spear of chaos)
You reach to attack!
You hit Dowan with your +0 spear of chaos.
Dowan is severely wounded.
You closely miss Dowan with your +1 trident.
Dowan seems to find hidden reserves of power!
Dowan casts a spell at you. The shard of ice hits you!!
Ouch! That really hurt!
You die...

#....##
#.....#
##[##.#######.
##............
#..##.########
##.##.# #
#.##.#
#.##.##.#
#....)@.#
####e#### #.#
#.# #.# ...
... ... .....


You could see Dowan (fast, resistant).

Vanquished Creatures
  Duvessa (D:4)
  An orc priest (D:3)
  Terence (D:3)
  An orc wizard (D:3)
  3 adders
  3 dart slugs
  7 orcs (D:3)
  6 endoplasms
  5 giant cockroaches
  4 goblins
  5 hobgoblins
  4 jackals (D:3)
  3 quokkas
  5 ball pythons
  8 bats
  5 frilled lizards
  8 kobolds
  7 rats
77 creatures vanquished.

Notes
Turn   | Place    | Note
-------+----------+-------------------------------------------
     0 | D:1      | jasper the Coglin Chaos Knight began the quest for the Orb.
     0 | D:1      | Reached XP level 1. HP: 18/18 MP: 1/1
    45 | D:1      | Reached skill level 3 in Polearms
    69 | D:1      | Reached XP level 2. HP: 22/24 MP: 2/2
   165 | D:1      | Found a faded altar of an unknown god.
   173 | D:1      | Reached XP level 3. HP: 29/29 MP: 3/3
   459 | D:1      | Reached skill level 4 in Polearms
   478 | D:1      | Fell from the grace of Xom
   661 | D:2      | XOM: 7-stop teleportation journey
   669 | D:2      | Reached XP level 4. HP: 35/35 MP: 4/4
   786 | D:2      | XOM: give mutation
   786 | D:2      | Gained mutation: You occasionally shout uncontrollably at
                  | your foes. [Xom's mischief]
  1113 | D:3      | Noticed Terence
  1124 | D:3      | Killed Terence
  1125 | D:3      | Reached skill level 5 in Polearms
  1125 | D:3      | Reached XP level 5. HP: 25/41 MP: 5/5
  1312 | D:3      | XOM: stat loss: -3 Dex (10/13)
  1324 | D:3      | Found a radiant altar of Vehumet.
  1324 | D:3      | Noticed a charred statue
  1664 | D:3      | Found Wibbiosoaps's Antique Weapon Emporium.
  1748 | D:3      | XOM: noise
  1779 | D:3      | Reached skill level 6 in Polearms
  1779 | D:3      | Reached XP level 6. HP: 26/47 MP: 6/6
  1957 | D:4      | Found an opulent altar of Gozag.
  2017 | D:4      | Noticed Dowan
  2018 | D:4      | Noticed Duvessa
  2040 | D:4      | Killed Duvessa
  2044 | D:4      | Killed from afar by Dowan

Illustrated notes

Levels and vault maps discovered:
D:1:      dpeg_arrival_round_b, layout_basic, ebering_ecumenical_altar_webs
D:2:      layout_rooms
D:3:      layout_basic, vehumet_statue, serial_shops,
          nicolae_shop_window_shopping, uniq_terence
D:4:      layout_loops_corners, mainiacjoe_overflow_surrounded_room,
          nicolae_gozag_seed_capital, minmay_temple_entry_water_ring,
          uniq_grinder, uniq_sigmund, uniq_edmund, uniq_eustachio,
          uniq_crazy_yiuf_cottage, uniq_duvessa

Skill      XL: |  1  2  3  4  5 |
---------------+----------------+-----
Polearms       | 3 4 5 6 |  6.5
Fighting       | |  3.0
Armour         | |  1.7
Dodging        | |  0.8

Action                     |  1- 3 |  4- 6 || total
---------------------------+-------+-------++-------
  Melee: Spear             |    57 |   108 ||   165
         Whip              |     7 |       ||     7
         Hand axe          |     7 |       ||     7
         Trident           |    14 |   115 ||   129
  Throw: Stone             |       |     1 ||     1
 Invoke: Renounce Religion |     1 |       ||     1
    Use: Scroll            |     4 |     6 ||    10
   Stab: Petrified         |       |     5 ||     5
         Petrifying        |       |     5 ||     5
         Sleeping          |       |     1 ||     1
         Confused          |       |     1 ||     1
         Paralysed         |       |     1 ||     1
 Armour: Leather armour    |    24 |    39 ||    63
  Dodge: Dodged            |    28 |    33 ||    61
  Block: Other             |     3 |    19 ||    22
         Reflection        |     2 |     2 ||     4

Table legend: (Time is in decaauts)
 A = Elapsed time spent in this place.
 B = Non-inter-level travel time spent in this place.
 C = Inter-level travel time spent in this place.
 D = Time resting spent in this place.
 E = Time spent auto-exploring this place.
 F = Levels seen in this place.
 G = Mean time per level.
                   A        B        C        D        E       F      G
               +--------+--------+--------+--------+--------+-----+--------+
         Total |   2037 |   1987 |     50 |    266 |   1217 |   4 |  509.2 |
       Dungeon |   2037 |   1987 |     50 |    266 |   1217 |   4 |  509.2 |
               +--------+--------+--------+--------+--------+-----+--------+

Top non-repeatable levels by time:
     D:3: 874 daAuts
     D:1: 628 daAuts
     D:2: 448 daAuts
     D:4: 86 daAuts
